AoeStats
← [̲̅2̲̅D̲̅]

Arena

510613079Analyzed
2v2 RM · 18h ago on Oct 1, 2026· 56m 22s· 4 players
Game mode
Random Map
Map size
Medium (4 player)
Population
200
Speed
Normal
Resources
Standard
Victory
Conquest
Starting age
Dark Age
Ending age
Imperial Age
RankedLock teamsTeams togetherTeam positionsShared explorationLock speedFull tech treeHidden civsTurbo modeCheats
Victory
Defeat
🇷🇺 Magyars · Russia
876
+14
🇷🇺 Slavs · Russia
846
+15
🇪🇸 Vikings · Spain
844
-15
🇧🇷 Italians · Brazil
807
-14
Different
11:46 Feudal Age
12:29 Horse Collar
12:35 Double-Bit Axe
19:32 Castle Age
17:18 Loom
18:10 Wheelbarrow
17:32 Gold Mining
17:53 Scale Mail Armor
18:04 Forging
18:20 Padded Archer Armor
18:42 Man-at-Arms
20:22 Long Swordsman
21:10 Squires
22:03 Bow Saw
21:57 Heavy Plow
21:24 Pikeman
22:35 Chain Mail Armor
30:15 Gold Shaft Mining
29:33 Town Watch
31:20 Leather Archer Armor
32:15 Hand Cart
33:00 Bloodlines
32:11 Light Cavalry
32:52 Husbandry
34:32 Iron Casting
36:12 Scale Barding Armor
41:37 Masonry
41:47 Stone Mining
42:49 Chain Barding Armor
45:15 Imperial Age
46:34 Plate Barding Armor
46:30 Ring Archer Armor
47:01 Blast Furnace
45:26 Cavalier
45:29 Hussar
45:39 Capped Ram
48:45 Siege Ram
48:56 Two-Handed Swordsman
50:38 Plate Mail Armor
50:42 Crop Rotation
51:14 Two-Man Saw
51:24 Chemistry
50:44 Ballistics
49:48 Elite Skirmisher
50:28 Fletching
50:11 Champion
Kraga
11:02 Feudal Age
16:51 Castle Age
14:41 Horse Collar
17:14 Double-Bit Axe
20:39 Stone Mining
23:10 Bow Saw
30:04 Scale Barding Armor
34:09 Gold Mining
37:13 Corvinian Army
49:09 Elite Skirmisher
[̲̅2̲̅D̲̅]
7:03 Loom
7:46 Loom
10:13 Feudal Age
10:47 Double-Bit Axe
10:49 Loom
11:19 Stone Mining
14:31 Horse Collar
18:35 Castle Age
18:37 Wheelbarrow
19:19 Heavy Plow
20:12 Stone Shaft Mining
19:28 Gold Mining
22:31 Bow Saw
23:59 Hand Cart
25:16 Caravan
28:03 Padded Archer Armor
27:53 Fletching
29:20 Bodkin Arrow
29:40 Leather Archer Armor
29:44 Man-at-Arms
30:37 Squires
31:25 Scale Mail Armor
31:35 Forging
30:50 Long Swordsman
33:48 Chain Mail Armor
34:08 Iron Casting
39:30 Imperial Age
43:09 Ring Archer Armor
42:39 Bracer
43:46 Chemistry
43:09 Capped Ram
47:04 Two-Handed Swordsman
48:19 Plate Mail Armor
49:55 Two-Man Saw
49:03 Bracer
49:27 Ballistics
49:39 Conscription
jallido
11:08 Feudal Age
14:32 Castle Age
12:42 Double-Bit Axe
13:08 Loom
13:22 Horse Collar
15:27 Town Watch
16:05 Bow Saw
16:05 Heavy Plow
19:28 Crossbowman
21:03 Squires
22:47 Ballistics
23:22 Fletching
25:09 Padded Archer Armor
41:25 Gold Mining
44:40 Stone Mining
46:46 Fortified Wall
47:37 Gold Shaft Mining
46:43 Pikeman
48:16 Masonry
48:02 Arson
49:18 Town Patrol
51:49 Chieftains
52:46 Forging
52:37 Scale Mail Armor
53:57 Murder Holes
53:43 Treadmill Crane
56:26 Chain Mail Armor
Connection lost

Rejoining the realm…

Still unreachable

The connection could not be restored.

Session expired

The server has moved on; the page needs a fresh start.